 Seeded DCSS version 0.31-a0-1570-g93c622d222 (webtiles) character file.

Game seed: 17770968569681903360 (custom seed)

217 voltaire321 the Sneak (level 5, -5/34 HPs)
             Began as an Octopode Earth Elementalist on Jan 4, 2024.
             Slain by a gnoll
             ... wielding a +0 whip
             ... led by a gnoll bouda
              (8 damage)
             ... on level 3 of the Dungeon.
             The game lasted 00:05:41 (2709 turns).

voltaire321 the Sneak (Octopode Earth Elementalist) Turns: 2709, Time: 00:05:41

Health: -5/34      AC:  5    Str:  8    XL:     5   Next: 94%
Magic:  3/9        EV: 14    Int: 19    God:
Gold:   65         SH:  0    Dex: 18    Spells: 5/9 levels left

rFire   + . .        b - staff of alchemy
rCold   + . .        (no shield)
rNeg    . . .        (helmet restricted)
rPois   +            (no amulet)
rElec   .            c - ring of poison resistance
rCorr   +            h - +4 ring of protection
SInv    .            m - ring of resist corrosion
Will    .....        n - ring of Orefrupy {rF+ rC+ Dex+6}
Stlth   ++++         (no ring)
HPRegen 0.25/turn    (no ring)
MPRegen 0.11/turn    (no ring)
                     (no ring)

%: no passive effects
@: no status effects
A: almost no armour, amphibious, 8 rings, camouflage 1, gelatinous body 1,
(nimble swimmer 1), tentacles
a: no special abilities


You were on level 3 of the Dungeon.
You visited 1 branch of the dungeon, and saw 4 of its levels.

You collected 107 gold pieces.
You spent 42 gold pieces at shops.

Inventory:

Hand Weapons
 i - a +0 rapier
Magical Staves
 b - a staff of alchemy (weapon)
Jewellery
 c - a ring of poison resistance (left tentacle)
 h - a +4 ring of protection (right tentacle)
 j - an amulet of guardian spirit
 m - a ring of resist corrosion (on tentacle)
 n - the ring of Orefrupy (on tentacle) {rF+ rC+ Dex+6}
   (You found it on level 3 of the Dungeon)

   [ring of dexterity]

   Dex+6:     It affects your dexterity (+6).
   rF+:       It protects you from fire.
   rC+:       It protects you from cold.
Scrolls
 e - a scroll of identify {unknown}
 f - a scroll of immolation {unknown}
 k - a scroll of blinking {unknown}
 l - 2 scrolls of teleportation {unknown}
 p - a scroll of brand weapon {unknown}
 s - a scroll of vulnerability {unknown}
Potions
 a - a potion of magic
 d - a potion of attraction {unknown}
 g - a potion of enlightenment {unknown}
 o - 2 potions of curing
 q - a potion of resistance {unknown}
 r - a potion of haste {unknown}


   Skills:
 + Level 1.9 Fighting
 + Level 2.9 Dodging
 + Level 4.0 Stealth
 + Level 2.8 Spellcasting
 + Level 2.3 Conjurations
 + Level 3.8 Earth Magic


You had 5 spell levels left.
You knew the following spells:

 Your Spells              Type           Power      Damage    Failure   Level
a - Sandblast             Erth           34%        2d9       3%          1
b - Stone Arrow           Conj/Erth      28%        3d8       13%         3

Your spell library contained the following spells:

 Spells                   Type           Power      Damage    Failure   Level
 Kiss of Death            Conj/Necr      28%        2d7       10%         1
 Passwall                 Erth           17%        N/A       10%         3
 Call Imp                 Summ           4%         N/A       24%         2
 Sublimation of Blood     Necr           2%         N/A       24%         2
 Hailstorm                Conj/Ice       7%         3d5       28%         3
 Brom's Barrelling Bould  Conj/Erth      14%        2d4       38%         4
 Confusing Touch          Hex            2%         N/A       43%         3
 Summon Ice Beast         Ice/Summ       2%         N/A       43%         3
 Petrify                  Alch/Erth      15%        N/A       56%         4
 Dispel Undead            Necr           2%         3d7       83%         4
 Sculpt Simulacrum        Ice/Alch       2%         N/A       100%        6
 Summon Hydra             Summ           1%         N/A       100%        7


Dungeon Overview and Level Annotations

Branches:
Dungeon (4/15)
 Temple: D:4-7

Altars:
Ashenzari
Qazlal

Shops:
D:2 (   D:4 !


Innate Abilities, Weirdness & Mutations

You cannot wear most types of armour.
You are amphibious.
You can wear up to eight rings at the same time.
Your skin changes colour to match your surroundings (Stealth+).
Your rubbery body absorbs attacks. (AC +1, EV +1)
((You are camouflaged when in or above water. (Stealth+)))
You have tentacles for arms and can constrict up to eight enemies at once.


Message History

* * * LOW HITPOINT WARNING * * *
The gnoll hits you but does no damage. The gnoll attacks as it pursues you!
The gnoll hits you from afar with a +0 halberd.
* * * LOW HITPOINT WARNING * * *
The gnoll barely misses you. The gnoll hits you but does no damage.
The gnoll attacks as it pursues you! The gnoll completely misses you.
Okay, then.
The gnoll is no longer moving quickly.
The gnoll attacks as it pursues you! The gnoll closely misses you.
The gnoll attacks as it pursues you! The gnoll completely misses you.
The gnoll attacks as it pursues you! The gnoll closely misses you.
The gnoll is no longer moving quickly.
The gnoll attacks as it pursues you! The gnoll misses you.
The gnoll attacks as it pursues you! The gnoll misses you.
The gnoll attacks as it pursues you! The gnoll hits you with a +0 whip.
* * * LOW HITPOINT WARNING * * *
There is a stone staircase leading up here.
The gnoll closely misses you.
You climb upwards.
There is a stone staircase leading down here.
Aiming: Sandblast (safe; 3% risk of failure)
Press: ? - help, Q - select action Shift-Dir - straight line, f - gnoll
Aim: a gnoll, wielding a +0 whip (84% to hit)
The blast of sand hits the gnoll.
The gnoll is moderately wounded.
The gnoll hits you with a +0 whip.
* * * LOW HITPOINT WARNING * * *
You hit the gnoll. You grab the gnoll.
The gnoll is moderately wounded.
You constrict the gnoll. The gnoll hits you with a +0 whip.
* * * LOW HITPOINT WARNING * * *
Aiming: Sandblast (safe; 3% risk of failure)
Press: ? - help, Q - select action Shift-Dir - straight line, f/p - gnoll
Aim: a gnoll, wielding a +0 whip (moderately wounded, constricted by you, 100% to hit)
The blast of sand hits the gnoll.
The gnoll is severely wounded.
You constrict the gnoll. The gnoll barely misses you.
The gnoll hits you with a +0 whip!
You die...

#............##.# #.#.######.#.#
....####........# #.#.# #.#.#
....# #........# #[#.# #.#.#
....# #...#....###.#.######.#.#
....# #...#...............<.#.#
....# #...#.#.####.#.######.#.#
....# #####.................#.#
#.### #.#...#..#.########.#
#.##########.###@.....# #.#
#.#..............g######## #.#
.........................# #.#
..#...............######.# #.#
..#..................#...# #.#
..............)...^....### #.#
.##..................#########.#
.##............................#
.##.................############


You could see a gnoll.

Vanquished Creatures
  A scorpion (D:3)
  A gnoll bouda (D:4)
  2 adders
  3 gnolls (D:4)
  2 ribbon worms (D:2)
  2 orcs
  9 ball pythons
  6 bats
  6 endoplasms
  4 giant cockroaches
  10 goblins
  6 hobgoblins
  6 jackals (D:2)
  3 kobolds
  A quokka (D:1)
  5 frilled lizards
  9 rats
76 creatures vanquished.

Notes
Turn   | Place    | Note
-------+----------+-------------------------------------------
     0 | D:1      | voltaire321 the Octopode Earth Elementalist began the quest
                  | for the Orb.
     0 | D:1      | Reached XP level 1. HP: 11/11 MP: 3/3
    73 | D:1      | Reached XP level 2. HP: 17/17 MP: 3/5
   177 | D:1      | Reached skill level 3 in Stealth
   500 | D:1      | Reached XP level 3. HP: 22/22 MP: 4/6
   897 | D:2      | Reached skill level 1 in Fighting
  1129 | D:2      | Learned a level 3 spell: Stone Arrow
  1459 | D:2      | Reached XP level 4. HP: 28/28 MP: 4/7
  1647 | D:2      | Found a faded altar of an unknown god.
  1648 | D:2      | You fall into a shaft and drop 2 floors!
  1648 | D:4      | Found Ysuhudap's Distillery.
  1844 | D:3      | Found a stormy altar of Qazlal.
  1884 | D:3      | Found a broken altar of Ashenzari.
  1941 | D:3      | Identified the ring of Orefrupy {rF+ rC+ Dex+6}
  2052 | D:3      | Noticed a scorpion
  2181 | D:2      | Found Igraewke's Weapon Shop.
  2458 | D:3      | Killed a scorpion
  2459 | D:3      | Reached XP level 5. HP: 33/33 MP: 2/9
  2623 | D:4      | Bought a potion of curing for 42 gold pieces
  2684 | D:4      | Reached skill level 4 in Stealth
  2709 | D:3      | Slain by a gnoll

Illustrated notes

Levels and vault maps discovered:
D:1:      mrwooster_arrival_arrow, layout_rooms, minmay_fountain_box,
          minmay_tromino_v4_b
D:2:      minmay_chambers_of_ones, layout_basic, serial_shops,
          nicolae_shop_trees, chequers_ecumenical_altar_simple
D:3:      layout_basic, mainiacjoe_overflow_catwalk_spiral
D:4:      layout_rooms, serial_shops, nicolae_shop_window_shopping

Skill      XL: |  1  2  3  4  5 |
---------------+----------------+-----
Stealth        | 3 4 |  4.0
Fighting       | 1 |  1.9
Conjurations   | 2 |  2.3
Dodging        | |  2.9
Spellcasting   | |  2.8
Earth Magic    | |  3.8

Action                     |  1- 3 |  4- 6 || total
---------------------------+-------+-------++-------
  Melee: Staff             |     2 |    11 ||    13
         Tentacles         |     2 |     4 ||     6
         Constrict         |       |     5 ||     5
   Cast: Sandblast         |    59 |    50 ||   109
 Armour: Skin              |     4 |    21 ||    25
  Dodge: Dodged            |     8 |    16 ||    24

Table legend: (Time is in decaauts)
 A = Elapsed time spent in this place.
 B = Non-inter-level travel time spent in this place.
 C = Inter-level travel time spent in this place.
 D = Time resting spent in this place.
 E = Time spent auto-exploring this place.
 F = Levels seen in this place.
 G = Mean time per level.
                   A        B        C        D        E       F      G
               +--------+--------+--------+--------+--------+-----+--------+
         Total |   2763 |   2747 |     16 |    263 |   1920 |   4 |  690.8 |
       Dungeon |   2763 |   2747 |     16 |    263 |   1920 |   4 |  690.8 |
               +--------+--------+--------+--------+--------+-----+--------+

Top non-repeatable levels by time:
     D:2: 1122 daAuts
     D:1: 837 daAuts
     D:3: 697 daAuts
     D:4: 106 daAuts
